 Dungeon Crawl Stone Soup version 0.32-a0-460-gc8eefc9 (webtiles) character file.

Game seed: 1414914885624599590

142585 jagoly the Marksmummy (level 16, -12/133 HPs)
             Began as a Mummy Brigand on Feb 22, 2024.
             Was a Believer of Uskayaw.
             Killed from afar by a deep elf knight (30 damage)
             ... with a shard of ice
             ... on level 1 of the Elven Halls on Feb 24, 2024.
             The game lasted 02:25:51 (28613 turns).

jagoly the Marksmummy (Mummy Brigand)              Turns: 28613, Time: 02:25:51

Health: -12/133    AC: 16    Str: 15    XL:     16   Next: 80%
Magic:  21/22      EV: 17    Int: 18    God:    Uskayaw [**....]
Gold:   2413       SH:  0    Dex: 25    Spells: 9/15 levels left

rFire   . . .        a - +4 longbow (freeze)
rCold   + + .        (shield currently unavailable)
rNeg    + + +        M - +3 ring mail {rF+}
rPois   ∞            q - +2 helmet
rElec   .            c - +0 cloak
rCorr   .            o - +0 pair of gloves
SInv    .            i - +0 pair of boots
Will    ++...        x - amulet of regeneration
Stlth   +++          z - ring of Sole {rC+ Int+6}
HPRegen 1.22/turn    v - +6 ring of dexterity
MPRegen 0.18/turn

%: faith
@: about to teleport
A: cold resistance 1, negative energy resistance 3, torment resistance 2, heat
vulnerability 1, in touch with death 2, no potions, faith
a: Renounce Religion, Stomp, Line Pass


You were on level 1 of the Elven Halls.
You worshipped Uskayaw.
Uskayaw was aware of your devotion.
You visited 5 branches of the dungeon, and saw 25 of its levels.
You also visited: Ice Cave and Volcano.

You collected 3670 gold pieces.
You spent 1257 gold pieces at shops.

Inventory:

Hand Weapons
 a - a +4 longbow of freezing (weapon)
 b - a +1 dagger of electrocution
 w - a +2 short sword of venom
 R - a +2 longbow of freezing
Missiles
 d - 41 poisoned darts
 e - 3 curare-tipped darts
 f - 186 stones
 E - 3 darts of dispersal
 G - 2 throwing nets
Armour
 c - a +0 cloak (worn)
 g - a +2 robe of willpower
 i - a +0 pair of boots (worn)
 o - a +0 pair of gloves (worn)
 q - a +2 helmet (worn)
 F - the +2 helmet "Wajythro" {-Tele Fly Str+2 Int+3}
   (You found it on level 11 of the Dungeon)

   Str+2:     It affects your strength (+2).
   Int+3:     It affects your intelligence (+3).
   Fly:       It grants you flight.
   -Tele:     It prevents most forms of teleportation.
 M - a +3 ring mail of fire resistance (worn)
 O - a scarf of invisibility
 P - a +0 troll leather armour
 V - a +0 helmet of see invisible
Jewellery
 v - a +6 ring of dexterity (right hand)
 x - an amulet of regeneration (around neck)
 z - the ring of Sole (left hand) {rC+ Int+6}
   (You found it on level 6 of the Dungeon)

   [ring of intelligence]

   Int+6:     It affects your intelligence (+6).
   rC+:       It protects you from cold.
 B - a +6 ring of intelligence
Wands
 j - a wand of digging (11)
 m - a wand of polymorph (31)
 t - a wand of mindburst (6)
 C - a wand of quicksilver (14)
 L - a wand of roots (1)
 N - a wand of paralysis (10)
Scrolls
 h - a scroll of immolation
 k - 2 scrolls of amnesia
 l - 4 scrolls of poison
 n - 2 scrolls of vulnerability
 p - 4 scrolls of summoning
 r - 4 scrolls of identify
 s - 2 scrolls of brand weapon
 u - 5 scrolls of teleportation
 y - a scroll of fog
 A - a scroll of enchant armour
 D - 3 scrolls of fear
 I - 3 scrolls of blinking
 K - a scroll of silence
 S - 3 scrolls of torment
Miscellaneous
 H - a tin of tremorstones (2/2)
 J - a lightning rod (2/4)
 U - a phial of floods


   Skills:
 - Level 14.0 Fighting
 - Level 2.0 Short Blades
 - Level 19.0 Ranged Weapons
 - Level 2.0 Throwing
 + Level 6.5 Armour
 - Level 8.0 Dodging
 - Level 5.0 Stealth
 - Level 4.0 Translocations
 - Level 8.0 Invocations


You had 9 spell levels left.
You knew the following spells:

 Your Spells              Type           Power      Damage    Failure   Level
a - Dimensional Bullseye  Hex/Tloc       3%         N/A       86%         4
B - Blink                 Tloc           28%        N/A       12%         2

Your spell library contained the following spells:

 Spells                   Type           Power      Damage    Failure   Level
 Lesser Beckoning         Tloc           28%        N/A       12%         2
 Gell's Gravitas          Tloc           14%        N/A       22%         3
 Teleport Other           Tloc           14%        N/A       22%         3
 Momentum Strike          Conj/Tloc      14%        3d8       26%         2
 Freeze                   Ice            0%         1d3       36%         1
 Cigotuvi's Dreadful Rot  Necr/Alch/Air  0%         N/A       52%         2
 Call Canine Familiar     Summ           0%         N/A       75%         3
 Confusing Touch          Hex            0%         N/A       75%         3
 Ozocubu's Armour         Ice            0%         N/A       75%         3
 Sigil of Binding         Hex            0%         N/A       75%         3
 Summon Ice Beast         Ice/Summ       0%         N/A       75%         3
 Vhi's Electric Charge    Tloc/Air       14%        N/A       86%         4
 Brom's Barrelling Bould  Conj/Erth      0%         2d3       98%         4
 Dispel Undead            Necr           0%         3d6       98%         4
 Martyr's Knell           Necr/Summ      0%         N/A       98%         4
 Summon Forest            Summ/Tloc      3%         N/A       99%         5
 Arcjolt                  Conj/Air       0%         1d10      100%        5
 Fireball                 Conj/Fire      0%         3d3       100%        5
 Freezing Cloud           Conj/Ice/Air   0%         6-21      100%        5
 Iskenderun's Battlesphe  Conj           0%         2d6       100%        5
 Metabolic Englaciation   Hex/Ice        0%         N/A       100%        5
 Summon Mana Viper        Hex/Summ       0%         N/A       100%        5
 Conjure Ball Lightning   Conj/Air       0%         3x3d6     100%        6
 Death Channel            Necr           0%         N/A       100%        6
 Eringya's Noxious Bog    Alch           0%         4d6       100%        6
 Plasma Beam              Fire/Air       0%         2x1d10    100%        6
 Sculpt Simulacrum        Ice/Alch       0%         N/A       100%        6
 Monstrous Menagerie      Summ           0%         N/A       100%        7
 Orb of Destruction       Conj           0%         9d5       100%        7
 Summon Hydra             Summ           0%         N/A       100%        7


Dungeon Overview and Level Annotations

Branches:
Dungeon (15/15) Zot: 24247  Temple (1/1) D:7 Zot: 5998    Lair (5/5) D:11 Zot: 23515
  Swamp (0/4) Lair:2        Snake (0/4) Lair:2        Slime (0/5) Lair:4
    Orc (2/2) D:12 Zot: 9320     Elf (2/3) Orc:2 Zot: 10917  Vaults (0/5) D:14
 Depths (0/4) D:15          IceCv (visited)         Volcano (visited)

Altars:
Ashenzari
Cheibriados
Dithmenos
Fedhas
Gozag
Hepliaklqana
Kikubaaqudgha
Makhleb
Nemelex Xobeh
Okawaru
Qazlal
Ru
Sif Muna
Trog
Uskayaw
Vehumet
Wu Jian
Xom
Yredelemnul
Beogh

Shops:
D:1 (   Orc:2 =?![!!!*[

Portals:
Trove: D:14 (give +5 demon blade)

Annotations:
Lair:1 1 runed translucent door, Tyr's ghost, journeyman OpSh


Innate Abilities, Weirdness & Mutations

You are immune to poison.
Your flesh is cold resistant. (rC+)
You are immune to negative energy. (rN+++)
You are immune to unholy pain and torment.
You are vulnerable to heat. (rF-)
You are strongly in touch with the powers of death.
You do not drink.
You have a special connection with the divine. (Faith)


Message History

You hear a shout!
You shoot an arrow.
The arrow closely misses the deep elf archer.
A deep elf knight comes into view. It is wielding a +0 long sword.
A deep elf zephyrmancer comes into view.
It is wielding a +0 long sword.
The deep elf archer unwields a +0 short sword.
The deep elf archer wields a +0 shortbow.
The deep elf archer shoots an arrow.
The arrow hits you!
You shoot an arrow.
The arrow barely misses the deep elf archer.
The arrow hits the deep elf knight.
The arrow freezes the deep elf knight.
The deep elf knight is lightly wounded.
The deep elf archer shoots an arrow.
The arrow hits you!!
You can now pass through a line of other dancers.
A deep elf zephyrmancer comes into view.
It is wielding a +1 long sword of holy wrath.
The deep elf knight casts a spell at you.
The shard of ice hits you! You partially resist.
The deep elf archer shoots an arrow.
The arrow hits you!
Fire: a) +4 longbow (freeze)
Press: ? - help, Q - select action, (/) - cycle Shift-Dir - straight line, f - deep elf zephyrmancer, p - deep elf archer
Aim: a deep elf zephyrmancer, wielding a +0 long sword (71% to hit)
You shoot an arrow.
The arrow barely misses the deep elf knight.
The arrow hits the deep elf zephyrmancer!!
The arrow freezes the deep elf zephyrmancer.
The deep elf zephyrmancer is severely wounded.
Fire: a) +4 longbow (freeze)
Press: ? - help, Q - select action, (/) - cycle Shift-Dir - straight line, f/p - deep elf zephyrmancer
Aim: a deep elf zephyrmancer, wielding a +0 long sword (severely wounded, 71% to hit)
You shoot an arrow. The arrow hits the deep elf knight!
The arrow freezes the deep elf knight.
The deep elf knight is moderately wounded.
The deep elf knight hits you with a +0 long sword!
Uskayaw will force your foes to helplessly watch your dance.
Uskayaw prepares the audience for your solo!
Fire: a) +4 longbow (freeze)
Press: ? - help, Q - select action, (/) - cycle Shift-Dir - straight line, f - deep elf zephyrmancer, p - deep elf zephyrmancer
Aim: a deep elf zephyrmancer, wielding a +1 long sword of holy wrath and wearing a +0 leather armour (paralysed, 98% to hit)
You shoot an arrow. The arrow hits the deep elf knight!
The arrow freezes the deep elf knight.
The deep elf knight is severely wounded.
Uskayaw will force your foes to share their pain.
Uskayaw links your audience in an emotional bond!
Fire: a) +4 longbow (freeze)
Press: ? - help, Q - select action, (/) - cycle Shift-Dir - straight line, f/p - deep elf zephyrmancer
Aim: a deep elf zephyrmancer, wielding a +1 long sword of holy wrath and wearing a +0 leather armour (paralysed, sharing its pain, 98% to hit)
You shoot an arrow. The arrow hits the deep elf knight!!
The arrow freezes the deep elf knight.
You kill the deep elf knight!
Fire: a) +4 longbow (freeze)
Press: ? - help, Q - select action, (/) - cycle Shift-Dir - straight line, f/p - deep elf zephyrmancer
Aim: a deep elf zephyrmancer, wielding a +1 long sword of holy wrath and wearing a +0 leather armour (moderately wounded, paralysed, sharing its pain, 98% to hit)
You shoot an arrow.
The arrow hits the deep elf zephyrmancer.
The arrow freezes the deep elf zephyrmancer.
The deep elf zephyrmancer is almost dead.
The deep elf zephyrmancer is no longer paralysed. x2
The deep elf zephyrmancer gestures at you while chanting.
The bolt of lightning hits you!!
* * * LOW HITPOINT WARNING * * *
Fire: a) +4 longbow (freeze)
Press: ? - help, Q - select action, (/) - cycle Shift-Dir - straight line, f/p - deep elf zephyrmancer
Aim: a deep elf zephyrmancer, wielding a +1 long sword of holy wrath and wearing a +0 leather armour (moderately wounded, sharing its pain, 71% to hit)
You shoot an arrow.
The arrow hits the deep elf zephyrmancer!
The arrow freezes the deep elf zephyrmancer.
You kill the deep elf zephyrmancer!
Fire: a) +4 longbow (freeze)
Press: ? - help, Q - select action, (/) - cycle Shift-Dir - straight line, f/p - deep elf zephyrmancer
Aim: a deep elf zephyrmancer, wielding a +1 long sword of holy wrath and wearing a +0 leather armour (moderately wounded, sharing its pain, 71% to hit)
You shoot an arrow.
The arrow hits the deep elf zephyrmancer!!
The arrow freezes the deep elf zephyrmancer!
You kill the deep elf zephyrmancer!
You can now merge with and destroy a victim.
Fire: a) +4 longbow (freeze)
Press: ? - help, Q - select action, (/) - cycle Shift-Dir - straight line, f - deep elf archer
Aim: a deep elf archer, wielding a +0 shortbow and wearing a +0 leather armour (moderately wounded, repelling missiles, 36% to hit)
You shoot an arrow.
The arrow closely misses the deep elf archer.
Fire: a) +4 longbow (freeze)
Press: ? - help, Q - select action, (/) - cycle Shift-Dir - straight line, f/p - deep elf archer
Aim: a deep elf archer, wielding a +0 shortbow and wearing a +0 leather armour (moderately wounded, repelling missiles, 36% to hit)
You shoot an arrow.
The arrow barely misses the deep elf archer.
Fire: a) +4 longbow (freeze)
Press: ? - help, Q - select action, (/) - cycle Shift-Dir - straight line, f/p - deep elf archer
Aim: a deep elf archer, wielding a +0 shortbow and wearing a +0 leather armour (moderately wounded, repelling missiles, 36% to hit)
You shoot an arrow.
The arrow closely misses the deep elf archer.
The deep elf archer unwields a +0 shortbow.
The deep elf archer wields a +0 short sword.
The deep elf archer hits you with a +0 short sword!
* * * LOW HITPOINT WARNING * * *
Fire: a) +4 longbow (freeze)
Press: ? - help, Q - select action, (/) - cycle Shift-Dir - straight line, f/p - deep elf archer
Aim: a deep elf archer, wielding a +0 short sword and wearing a +0 leather armour (moderately wounded, repelling missiles, 36% to hit)
You shoot an arrow.
The arrow closely misses the deep elf archer.
The deep elf archer casts a spell.
The deep elf archer blinks!
Fire: a) +4 longbow (freeze)
Press: ? - help, Q - select action, (/) - cycle Shift-Dir - straight line, f/p - deep elf archer
Aim: a deep elf archer, wielding a +0 short sword and wearing a +0 leather armour (moderately wounded, repelling missiles, 36% to hit)
You shoot an arrow.
The arrow closely misses the deep elf archer.
The deep elf archer unwields a +0 short sword.
The deep elf archer wields a +0 shortbow.
The deep elf archer shoots an arrow.
The arrow hits you!
* * * LOW HITPOINT WARNING * * *
You can no longer merge with and destroy a victim.
Fire: a) +4 longbow (freeze)
Press: ? - help, Q - select action, (/) - cycle Shift-Dir - straight line, f/p - deep elf archer
Aim: a deep elf archer, wielding a +0 shortbow and wearing a +0 leather armour (moderately wounded, repelling missiles, 36% to hit)
You shoot an arrow.
The arrow closely misses the deep elf archer.
Fire: a) +4 longbow (freeze)
Press: ? - help, Q - select action, (/) - cycle Shift-Dir - straight line, f/p - deep elf archer
Aim: a deep elf archer, wielding a +0 shortbow and wearing a +0 leather armour (moderately wounded, repelling missiles, 36% to hit)
You shoot an arrow.
The arrow closely misses the deep elf archer.
The deep elf archer casts a spell at you.
You resist with almost no effort.
Fire: a) +4 longbow (freeze)
Press: ? - help, Q - select action, (/) - cycle Shift-Dir - straight line, f/p - deep elf archer
Aim: a deep elf archer, wielding a +0 shortbow and wearing a +0 leather armour (moderately wounded, repelling missiles, 36% to hit)
You shoot an arrow.
The arrow barely misses the deep elf archer.
The deep elf archer shoots an arrow.
The arrow hits you!!
* * * LOW HITPOINT WARNING * * *
You start resting.
A deep elf archer is nearby!
Aiming: Fastroot
Press: ? - help, Shift-Dir - straight line, f/p - deep elf archer
Aim: a deep elf archer, wielding a +0 shortbow and wearing a +0 leather armour (moderately wounded, repelling missiles)
The roots erupt in riotous growth!
Roots grab the deep elf archer.
The grasping roots constrict the deep elf archer.
The deep elf archer unwields a +0 shortbow.
The deep elf archer wields a +0 short sword.
The deep elf archer barely misses you.
Unknown command.
Unknown command.
Fire: a) +4 longbow (freeze)
Press: ? - help, Q - select action, (/) - cycle Shift-Dir - straight line, f/p - deep elf archer
Aim: a deep elf archer, wielding a +0 short sword and wearing a +0 leather armour (moderately wounded, repelling missiles, constricted by roots, 85% to hit)
You shoot an arrow. The arrow is repelled.
The grasping roots constrict the deep elf archer.
The roots release their grip on the deep elf archer.
The deep elf archer hits you but does no damage.
Unknown command.
Aiming: Thunderbolt
Press: ? - help, Shift-Dir - straight line, f/p - deep elf archer
Aim: a deep elf archer, wielding a +0 short sword and wearing a +0 leather armour (heavily wounded, repelling missiles)
The thunderbolt hits the deep elf archer!
The deep elf archer is almost dead.
The deep elf archer hits you but does no damage.
You can now pass through a line of other dancers.
Unknown command.
Unknown command.
Aiming: Thunderbolt
Press: ? - help, Shift-Dir - straight line, f/p - deep elf archer
Aim: a deep elf archer, wielding a +0 short sword and wearing a +0 leather armour (severely wounded, repelling missiles)
The thunderbolt hits the deep elf archer!!
You kill the deep elf archer!
Unknown command.
Unknown command.
There is an open door here.
Things that are here:
a +0 long sword; a +0 short sword of draining; an elf skeleton
There is an open door here.
Items here: )) [ ÷.
Things that are here:
a +0 long sword; a +0 ring mail
There is a fountain of clear blue water here.
There is an open door, spattered with blood here.
You see here a +0 rapier.
There is a staircase back to the Mines, spattered with blood here.
You start resting.
HP restored.
You start resting.
HP restored.
You see here a +0 dagger.
There is a broken door here.
There is a fountain of clear blue water here.
You open the door. You open the door.
There is an open door here.
You open the door.
There is an open door here.
You open the door.
There is an open door here.
You open the door.
There is an open door here.
You open the door.
There is an open door here.
There is an open door here.
You open the door.
Found a blue potion.
There is an open door here.
You see here a blue potion.
You open the door.
There is an open door here.
There is an open door here.
There is an open door here.
There is an open door here.
Things that are here:
a +0 long sword; a +0 short sword of draining; an elf skeleton
There is an open door here.
Things that are here:
a +0 dagger; an elf skeleton
Things that are here:
a +0 short sword; a +0 shortbow; a +0 leather armour You now have 2381 gold pieces (gained 7).
Things that are here:
a +0 long sword; a +0 buckler
There is an open door, spattered with blood here.
Items here: )) [ †.
Okay, then.
There is an open door here.
There is an open door here.
There is an open door here.
There is an open door here.
You open the door.
There is an open door here.
You now have 2402 gold pieces (gained 21).
You open the door.
There is an open door here.
Found a stone staircase leading down.
There is an open door here.
There is an open door here.
There is an open door here.
You open the door.
There is an open door here.
You now have 2413 gold pieces (gained 11).
There is an open door here.
There is an open door, spattered with blood here.
Things that are here:
a +0 short sword; a +0 short sword You open the door.
There is an open door here.
There is an open door here.
Items here: )) [ ÷.
Things that are here:
a +0 long sword; a +0 ring mail
There is a fountain of clear blue water here.
There is an open door, spattered with blood here.
There is a broken door, spattered with blood here.
Things that are here:
a +0 ring mail; a +0 dagger
There is a fountain of clear blue water here.
There is a broken door, spattered with blood here.
Things that are here:
a +0 ring mail; a +0 dagger
Things that are here:
a +0 long sword; an elf skeleton
There is an open door, spattered with blood here.
Things that are here:
a +0 long sword; an elf skeleton
Items here: )) [ ÷.
There is an open door here.
There is an open door here.
You open the door.
Done exploring.
Done exploring.
Done exploring.
There is an open door here.
There is a stone staircase leading down here.
You climb downwards.
Found a leather armour and 13 gold pieces.
Found a stone staircase leading down.
There is a stone staircase leading up here.
Fire: a) +4 longbow (freeze)
Press: ? - help, Q - select action, (/) - cycle Shift-Dir - straight line, f - deep elf knight
Aim: a deep elf knight, wielding a +1 long sword of protection and wearing a +0 leather armour (asleep, 98% to hit)
You shoot an arrow. The arrow hits the deep elf knight!!
The arrow freezes the deep elf knight!
The deep elf knight shouts!
The deep elf knight is severely wounded.
The deep elf zephyrmancer shouts!
The deep elf death mage shouts!
You can now pass through a line of other dancers.
Fire: a) +4 longbow (freeze)
Press: ? - help, Q - select action, (/) - cycle Shift-Dir - straight line, f/p - deep elf knight
Aim: a deep elf knight, wielding a +1 long sword of protection and wearing a +0 leather armour (severely wounded, 63% to hit)
You shoot an arrow.
The arrow closely misses the deep elf knight.
The deep elf knight gestures wildly while chanting.
The deep elf knight flickers and vanishes!
Deactivating autopickup; reactivate with Ctrl-A.
You climb upwards.
Reactivating autopickup.
You can no longer pass through a line of other dancers.
There is a stone staircase leading down here.
You shoot an arrow.
The arrow barely misses the deep elf zephyrmancer.
The deep elf zephyrmancer closely misses you.
You shoot an arrow.
The arrow hits the deep elf zephyrmancer.
The arrow freezes the deep elf zephyrmancer.
The deep elf zephyrmancer is lightly wounded.
The deep elf zephyrmancer casts a spell at you.
The bolt of lightning misses you.
You can now pass through a line of other dancers.
You shoot an arrow.
The arrow hits the deep elf zephyrmancer!
The arrow freezes the deep elf zephyrmancer.
The deep elf zephyrmancer is heavily wounded.
The deep elf zephyrmancer hits you with a +0 short sword.
You shoot an arrow.
The arrow hits the deep elf zephyrmancer!
The arrow freezes the deep elf zephyrmancer.
The deep elf zephyrmancer is severely wounded.
The deep elf zephyrmancer points at you and mumbles some strange words.
The bolt of lightning hits you!
Uskayaw will force your foes to helplessly watch your dance.
Uskayaw prepares the audience for your solo!
You shoot an arrow.
The arrow hits the deep elf zephyrmancer!!
The arrow freezes the deep elf zephyrmancer.
You kill the deep elf zephyrmancer!
No target in view!
You start resting.
HP restored.
You start resting.
HP restored.
You climb downwards.
The deep elf knight completely misses you.
The deep elf knight points at you and mumbles some strange words.
The shard of ice hits you! You partially resist.
There is a stone staircase leading up here.
Unknown command.
Unknown command.
The deep elf knight closely misses you.
The deep elf death mage hits you with a +0 rapier.
You climb upwards.
There is a stone staircase leading down here.
Unknown command.
Unknown command.
Fire: a) +4 longbow (freeze)
Press: ? - help, Q - select action, (/) - cycle Shift-Dir - straight line, f - deep elf knight
Aim: a deep elf knight, wielding a +1 long sword of protection and wearing a +0 leather armour (heavily wounded, 63% to hit)
You shoot an arrow.
The arrow closely misses the deep elf knight.
The deep elf death mage beckons forth restless souls!
The deep elf knight hits you with a +1 long sword of protection.
Fire: a) +4 longbow (freeze)
Press: ? - help, Q - select action, (/) - cycle Shift-Dir - straight line, f - deep elf death mage, p - deep elf knight
Aim: a deep elf death mage, wielding a +0 rapier (71% to hit)
You shoot an arrow.
The arrow barely misses the deep elf death mage.
The arrow barely misses the lost soul.
The deep elf knight casts a spell.
The deep elf knight seems to speed up.
The deep elf death mage hits you with a +0 rapier!
Fire: a) +4 longbow (freeze)
Press: ? - help, Q - select action, (/) - cycle Shift-Dir - straight line, f/p - deep elf death mage
Aim: a deep elf death mage, wielding a +0 rapier (71% to hit)
You shoot an arrow.
The arrow completely misses the deep elf death mage.
The arrow hits the lost soul!!
The arrow freezes the lost soul.
You destroy the lost soul!
The lost soul fades away!
The deep elf knight barely misses you. The deep elf death mage misses you.
Fire: a) +4 longbow (freeze)
Press: ? - help, Q - select action, (/) - cycle Shift-Dir - straight line, f/p - deep elf death mage
Aim: a deep elf death mage, wielding a +0 rapier (71% to hit)
You shoot an arrow. The arrow hits the deep elf death mage!
The arrow freezes the deep elf death mage.
The deep elf death mage is lightly wounded.
The deep elf knight closely misses you.
Fire: a) +4 longbow (freeze)
Press: ? - help, Q - select action, (/) - cycle Shift-Dir - straight line, f/p - deep elf death mage
Aim: a deep elf death mage, wielding a +0 rapier (lightly wounded, 71% to hit)
You shoot an arrow.
The arrow hits the deep elf death mage!!!
The arrow freezes the deep elf death mage!
The deep elf death mage is almost dead.
The deep elf knight hits you with a +1 long sword of protection.
The deep elf death mage hits you with a +0 rapier.
The deep elf knight gestures at you while chanting.
The lance of force hits you!
You are knocked back by the lance of force.
You collide with the deep elf death mage!
The lost soul assumes the form of the deep elf death mage and becomes anchored to this world!
You can now pass through a line of other dancers.
Fire: a) +4 longbow (freeze)
Press: ? - help, Q - select action, (/) - cycle Shift-Dir - straight line, f/p - ghostly deep elf death mage
Aim: a ghostly deep elf death mage, wielding a +0 rapier (71% to hit)
You shoot an arrow.
The arrow misses the ghostly deep elf death mage.
The ghostly deep elf death mage hits you with a +0 rapier!
The deep elf knight hits you with a +1 long sword of protection!
Cast which spell? (? or * to list)
You miscast Blink.
You are very lightly contaminated with residual magic.
Nothing appears to happen.
The deep elf knight hits you with a +1 long sword of protection!
* * * LOW HITPOINT WARNING * * *
The ghostly deep elf death mage hits you with a +0 rapier!
* * * LOW HITPOINT WARNING * * *
Unknown command.
Cast which spell? (? or * to list)
You blink.
Unknown command.
You can no longer pass through a line of other dancers.
The deep elf knight mumbles some strange words.
The deep elf knight flickers and vanishes!
Deactivating autopickup; reactivate with Ctrl-A.
There is an open door here.
You feel ready to blink again.
You hear a bow twang.
An arrow appears from out of thin air!
The arrow barely misses you.
You are too injured to fight recklessly!
Your magical contamination has completely faded away.
Fire: a) +4 longbow (freeze)
Press: ? - help, Q - select action, (/) - cycle Shift-Dir - straight line, f/p - ghostly deep elf death mage
Aim: a ghostly deep elf death mage, wielding a +0 rapier (71% to hit)
You shoot an arrow.
The arrow hits the ghostly deep elf death mage!
The arrow freezes the ghostly deep elf death mage.
The ghostly deep elf death mage is moderately damaged.
Fire: a) +4 longbow (freeze)
Press: ? - help, Q - select action, (/) - cycle Shift-Dir - straight line, f/p - ghostly deep elf death mage
Aim: a ghostly deep elf death mage, wielding a +0 rapier (moderately damaged, 71% to hit)
You shoot an arrow.
The arrow hits the ghostly deep elf death mage!!
The arrow freezes the ghostly deep elf death mage!
The ghostly deep elf death mage is almost destroyed.
You can now pass through a line of other dancers.
Fire: a) +4 longbow (freeze)
Press: ? - help, Q - select action, (/) - cycle Shift-Dir - straight line, f/p - ghostly deep elf death mage
Aim: a ghostly deep elf death mage, wielding a +0 rapier (severely damaged, 71% to hit)
You shoot an arrow.
The arrow hits the ghostly deep elf death mage!
The arrow freezes the ghostly deep elf death mage.
The ghostly deep elf death mage is almost destroyed.
The ghostly deep elf death mage beckons forth restless souls!
Fire: a) +4 longbow (freeze)
Press: ? - help, Q - select action, (/) - cycle Shift-Dir - straight line, f/p - ghostly deep elf death mage
Aim: a ghostly deep elf death mage, wielding a +0 rapier (almost destroyed, 71% to hit)
You shoot an arrow.
The arrow completely misses the ghostly deep elf death mage.
The ghostly deep elf death mage hits you but does no damage.
Fire: a) +4 longbow (freeze)
Press: ? - help, Q - select action, (/) - cycle Shift-Dir - straight line, f/p - ghostly deep elf death mage
Aim: a ghostly deep elf death mage, wielding a +0 rapier (almost destroyed, 71% to hit)
You shoot an arrow.
The arrow hits the ghostly deep elf death mage.
The arrow freezes the ghostly deep elf death mage.
You destroy the ghostly deep elf death mage!
The lost soul fades away! x2
You hear some strange, mumbled words.
A shard of ice appears from out of thin air!
The shard of ice hits you!! You partially resist.
* * * LOW HITPOINT WARNING * * *
Training target 6.5 for Armour reached!
You need to enable at least one skill for training.
Fire: a) +4 longbow (freeze)
Press: ? - help, Q - select action, (/) - cycle Shift-Dir - straight line You shoot an arrow.
You hear a bow twang.
An arrow appears from out of thin air!
The arrow hits you but does no damage.
Fire: a) +4 longbow (freeze)
Press: ? - help, Q - select action, (/) - cycle Shift-Dir - straight line You shoot an arrow.
You hear some strange, mumbled words.
A shard of ice appears from out of thin air!
The shard of ice hits you! You partially resist.
* * * LOW HITPOINT WARNING * * *
You hear a bow twang.
An arrow appears from out of thin air!
The arrow barely misses you.
Fire: a) +4 longbow (freeze)
Press: ? - help, Q - select action, (/) - cycle Shift-Dir - straight line You shoot an arrow.
You hear a bow twang.
An arrow appears from out of thin air!
The arrow hits you.
* * * LOW HITPOINT WARNING * * *
Fire: a) +4 longbow (freeze)
Press: ? - help, Q - select action, (/) - cycle Shift-Dir - straight line You shoot an arrow.
You hear some strange, mumbled words.
A lance of force appears from out of thin air!
The lance of force hits you!!
* * * LOW HITPOINT WARNING * * *
You are knocked back by the lance of force.
Aiming: Thunderbolt
Press: ? - help, Shift-Dir - straight line, f - you
Okay, then.
Okay, then.
As you read the scroll of teleportation, it crumbles to dust.
You feel strangely unstable.
An arrow appears from out of thin air!
The arrow hits you but does no damage.
Unknown command.
Unknown command.
Aiming: Quicksilver Bolt
Press: ? - help, Shift-Dir - straight line A shard of ice appears from out of thin air!
The shard of ice hits you!! You partially resist.
You die...
Your body falls in perfect tune with the rhythm.

##### ### #...# ###.###
#...##############.....####
##........@....{.'.....'†>[
#.#.#############.....####
####.## ##'##['## ## ##.##
##.#####.## .##
##'#######.## ##.## ..##
##.....#'## ##.## ...##
##.......## ##.#
....########.........# ##.
....'......'.........# ##


There were no monsters in sight!

Vanquished Creatures
  2 orc warlords (Orc:2)
  A stone giant (Volcano)
  2 deep elf death magi
  2 dire elephants (Lair:5)
  A fire dragon (D:14)
  A quicksilver dragon zombie (D:15)
  8 vault guards (D:14)
  4 catoblepae
  3 boulder beetles
  10 centaur warriors
  6 hydras
  An ogre mage (Orc:2)
  3 dancing weapons (Elf:1)
  4 two-headed ogres
  7 death yaks
  A hell hog (Lair:5)
  A vampire mage (D:15)
  2 tengu warriors
  Nergalle (Lair:1)
  8 deep elf knights
  A storm dragon zombie (D:15)
  7 skeletal warriors
  A skyshark (Lair:4)
  2 spriggan druids (Lair:2)
  Lodul (D:10)
  3 deep elf archers (Elf:1)
  3 orc knights
  A wolf spider (D:15)
  A lindwurm (Lair:5)
  A necromancer (D:15)
  19 deep elf zephyrmancers
  22 ugly things
  15 deep elf pyromancers
  3 manticores
  2 oklob plants (Lair:3)
  9 cyclopes
  13 orc sorcerers
  6 black mambas
  A salamander (Lair:2)
  A kobold blastminer (Orc:2)
  5 elephants
  6 molten gargoyles
  A smoke demon (D:11)
  2 torpor snails
  2 ice statues (IceCv)
  12 cane toads
  A cane toad (shapeshifter) (D:14)
  2 gargoyles
  An orange demon (D:9)
  A freezing wraith (IceCv)
  9 komodo dragons
  A yaktaur (D:15)
  3 efreet
  5 rime drakes
  Psyche (D:9)
  6 trolls
  12 blink frogs
  12 polar bears
  11 dream sheep
  2 hornets
  3 raiju (Lair:5)
  Grinder (D:6)
  3 water elementals
  12 slime creatures
  53 yaks
  2 shadows
  3 air elementals (Elf:1)
  A spriggan (D:9)
  11 wargs
  4 wraiths
  2 fire elementals
  A vampire (D:11)
  2 fire bats (Volcano)
  5 wyverns
  3 basilisks
  The ghost of Truedra the Shooter, an amateur CoHu (D:3)
  Edmund (D:6)
  A death yak simulacrum (IceCv)
  3 nagas (Lair:2)
  13 hell hounds (Lair:5)
  19 water moccasins
  16 orc warriors
  3 sky beasts (D:7)
  3 ice beasts
  2 laughing skulls (D:15)
  13 black bears
  21 ogres
  13 centaurs
  16 wolves
  6 phantoms
  3 kobold brigands
  10 bullfrogs
  3 scorpions
  3 earth elementals
  A cane toad simulacrum (IceCv)
  2 gnoll sergeants (D:12)
  A two-headed ogre simulacrum (D:13)
  10 wights
  2 troll zombies (D:12)
  An elephant simulacrum (D:13)
  15 killer bees
  5 electric eels (D:11)
  6 lava snakes (Volcano)
  8 howler monkeys
  2 quasits (D:3)
  2 sleepcaps
  A bombardier beetle (D:6)
  3 jellies
  A gnoll bouda (D:5)
  15 orc priests
  6 hounds
  27 orc wizards
  A polar bear simulacrum (D:13)
  2 spriggan simulacra (D:13)
  5 iguanas
  5 wolf simulacra
  4 ogre zombies (D:12)
  Robin (D:3)
  19 gnolls
  A naga simulacrum (D:13)
  An adder (D:3)
  3 shadow imps
  4 ufetubi
  5 dart slugs
  A ribbon worm (D:4)
  57 orcs
  2 bats
  9 endoplasms
  6 giant cockroaches
  15 goblins
  9 hobgoblins
  8 jackals
  2 quokkas
  6 ball pythons
  4 gnoll skeletons (D:12)
  14 kobolds
  4 orc skeletons
  11 orc zombies (D:12)
  4 rats
842 creatures vanquished.

Vanquished Creatures (others)
  A water elemental (Elf:1)
1 creature vanquished.

Grand Total: 843 creatures vanquished

Notes
Turn   | Place    | Note
-------+----------+-------------------------------------------
     0 | D:1      | jagoly the Mummy Brigand began the quest for the Orb.
     0 | D:1      | Reached XP level 1. HP: 16/16 MP: 1/1
   238 | D:1      | Found Orchopt's Weapon Shoppe.
   377 | D:1      | Reached skill level 1 in Dodging
   388 | D:1      | Reached XP level 2. HP: 22/22 MP: 2/2
  1197 | D:2      | Reached XP level 3. HP: 25/28 MP: 3/3
  1383 | D:2      | Found a sparkling altar of Nemelex Xobeh.
  1445 | D:2      | Reached XP level 4. HP: 15/34 MP: 4/4
  2029 | D:3      | Noticed Truedra's ghost (amateur CoHu)
  2042 | D:3      | Found a transporter.
  2098 | D:3      | Reached skill level 1 in Ranged Weapons
  2261 | D:3      | Found a shimmering altar of Xom.
  2289 | D:3      | Noticed Robin
  2312 | D:3      | Killed Robin
  2470 | D:3      | Found a transporter.
  2844 | D:4      | Reached XP level 5. HP: 41/41 MP: 5/5
  2930 | D:4      | Found an opulent altar of Gozag.
  3380 | D:4      | Reached skill level 2 in Ranged Weapons
  3653 | D:4      | Noticed an ogre
  3653 | D:4      | Noticed an ogre
  3795 | D:4      | Reached XP level 6. HP: 47/47 MP: 6/6
  3826 | D:5      | Entered Level 5 of the Dungeon
  3826 | D:5      | Noticed a water moccasin
  3836 | D:5      | Killed a water moccasin
  3837 | D:5      | Reached skill level 3 in Ranged Weapons
  3956 | D:5      | Reached XP level 7. HP: 55/55 MP: 7/7
  3964 | D:5      | Reached skill level 4 in Ranged Weapons
  4304 | D:5      | Found a stormy altar of Qazlal.
  4380 | D:5      | Found a hazy altar of Hepliaklqana.
  4417 | D:5      | Reached skill level 5 in Fighting
  4524 | D:5      | Reached skill level 5 in Ranged Weapons
  4601 | D:5      | Found a blossoming altar of Fedhas.
  4766 | D:6      | Identified the ring of Sole {rC+ Int+6}
  4775 | D:6      | Found a bloodstained altar of Trog.
  4837 | D:6      | Reached XP level 8. HP: 57/63 MP: 8/8
  4926 | D:6      | Noticed Edmund
  4941 | D:6      | Killed Edmund
  4970 | D:6      | Reached skill level 6 in Ranged Weapons
  5050 | D:6      | Found an ancient bone altar of Kikubaaqudgha.
  5205 | D:6      | Noticed Grinder
  5221 | D:6      | Killed Grinder
  5222 | D:6      | Reached skill level 7 in Ranged Weapons
  5244 | D:6      | Found a shimmering blue altar of Sif Muna.
  5687 | D:7      | Found a staircase to the Ecumenical Temple.
  5704 | Temple   | Entered the Ecumenical Temple
  5738 | D:7      | Reached XP level 9. HP: 57/69 MP: 9/9
  5765 | D:7      | Reached skill level 8 in Ranged Weapons
  5777 | D:7      | Noticed a cyclops
  5789 | D:7      | Killed a cyclops
  5984 | D:7      | Reached skill level 9 in Ranged Weapons
  6533 | D:8      | Reached skill level 10 in Ranged Weapons
  6663 | D:8      | Noticed a catoblepas
  6740 | D:8      | Reached XP level 10. HP: 74/79 MP: 10/10
  6919 | D:8      | Killed a catoblepas
  7731 | D:9      | Noticed Harold
  7792 | D:9      | Noticed Psyche
  7804 | D:9      | Killed Psyche
  8169 | D:9      | Reached skill level 11 in Ranged Weapons
  8274 | D:9      | Noticed an orange demon
  8328 | D:9      | Noticed Amaemon
  8333 | D:9      | Amaemon changed into Amaemon the black mamba
  8333 | D:9      | Noticed Amaemon
  8334 | D:9      | Amaemon the black mamba changed into Amaemon the spriggan
  8334 | D:9      | Noticed Amaemon
  8344 | D:9      | Killed Amaemon the spriggan
  8377 | D:9      | Killed an orange demon
  8969 | D:3      | Killed Truedra's ghost
  9253 | D:10     | Entered Level 10 of the Dungeon
  9297 | D:10     | Reached skill level 12 in Ranged Weapons
  9401 | D:9      | Reached XP level 11. HP: 57/86 MP: 11/11
  9471 | D:10     | Reached skill level 1 in Armour
  9660 | D:10     | Found an ornate altar of the Wu Jian Council.
  9883 | D:10     | Found a sacrificial altar of Ru.
  9916 | D:10     | Noticed Lodul
  9950 | D:10     | Noticed a two-headed ogre
  9962 | D:10     | Killed a two-headed ogre
 10255 | D:10     | Killed Lodul
 10328 | D:10     | Found a hide-covered altar of Uskayaw.
 10353 | D:10     | Became a worshipper of Uskayaw the Reveller
 10610 | D:11     | Reached * piety under Uskayaw
 10689 | D:11     | Reached ** piety under Uskayaw
 10697 | D:11     | Reached *** piety under Uskayaw
 10711 | D:11     | Reached **** piety under Uskayaw
 10717 | D:11     | Reached ***** piety under Uskayaw
 10925 | D:11     | Found a staircase to the Lair.
 10936 | D:11     | Noticed a purple ugly thing
 10945 | D:11     | Killed a purple ugly thing
 11015 | D:11     | Noticed a two-headed ogre
 11033 | D:11     | Killed a two-headed ogre
 11034 | D:11     | Reached skill level 13 in Ranged Weapons
 11124 | D:11     | Noticed a green ugly thing
 11156 | D:12     | Killed a green ugly thing
 11604 | D:12     | Reached ****** piety under Uskayaw
 11613 | D:12     | Noticed a two-headed ogre
 11660 | D:12     | Killed a two-headed ogre
 11696 | D:12     | Noticed an orc sorcerer
 11852 | D:11     | Found a broken altar of Ashenzari.
 11870 | D:11     | Noticed a red ugly thing
 11903 | D:11     | Killed a purple ugly thing
 11904 | D:11     | Reached XP level 12. HP: 65/92 MP: 12/12
 11937 | D:11     | Identified the +2 helmet "Wajythro" {-Tele Fly Str+2 Int+3}
 11965 | D:11     | Noticed a boulder beetle
 12509 | D:9      | Harold changed into Harold the centaur
 12509 | D:9      | Noticed Harold
 12523 | D:9      | Killed Harold the centaur
 12740 | D:1      | Bought a +0 orcbow of flaming for 91 gold pieces
 13061 | Lair:1   | Entered Level 1 of the Lair of Beasts
 13074 | Lair:1   | Reached skill level 14 in Ranged Weapons
 13338 | Lair:1   | Noticed a boulder beetle
 13355 | Lair:1   | Killed a boulder beetle
 13448 | Lair:1   | Got Everyday Wizarding
 13470 | Lair:1   | Reached skill level 15 in Ranged Weapons
 13503 | Lair:1   | Found a runed translucent door.
 13504 | Lair:1   | Found a shimmering altar of Xom.
 13504 | Lair:1   | Noticed Tyr's ghost (journeyman OpSh)
 14037 | Lair:2   | Noticed Nergalle
 14085 | Lair:1   | Killed Nergalle
 14126 | Lair:1   | Upgraded the game from 0.32-a0-433-g08bcfe7 to
                  | 0.32-a0-460-gc8eefc9
 14412 | Lair:2   | Reached skill level 16 in Ranged Weapons
 14493 | Lair:2   | Reached skill level 1 in Invocations
 14660 | Lair:2   | Gained mutation: You are strongly in touch with the powers
                  | of death. [Mummy growth]
 14660 | Lair:2   | Reached XP level 13. HP: 73/98 MP: 14/14
 14783 | Lair:2   | Found a staircase to the Swamp.
 15003 | Lair:2   | Found a staircase to the Snake Pit.
 15480 | Lair:3   | Reached skill level 5 in Stealth
 15923 | Lair:3   | Identified the +10 long sword of Yredelemnul {flame, *Slow
                  | rF+ Int+2}
 15994 | Lair:3   | Found a blossoming altar of Fedhas.
 16262 | Lair:3   | Reached skill level 10 in Fighting
 16547 | Lair:4   | Reached skill level 5 in Dodging
 17217 | Lair:4   | Found a staircase to the Slime Pits.
 17322 | Lair:5   | Entered Level 5 of the Lair of Beasts
 17684 | Lair:5   | Found a dark tunnel.
 17704 | Volcano  | Entered a volcano
 17859 | Volcano  | Found a bloodstained altar of Trog.
 17871 | Volcano  | Reached XP level 14. HP: 110/110 MP: 17/17
 17906 | Volcano  | Noticed a stone giant
 17913 | Volcano  | Killed a stone giant
 18524 | Lair:5   | Learned a level 2 spell: Blink
 18792 | Lair:5   | Identified the +1 leather armour "Bosecer" {Str+4 Slay-4
                  | SInv}
 19858 | Lair:5   | Reached skill level 17 in Ranged Weapons
 20791 | D:12     | Found a staircase to the Orcish Mines.
 21270 | D:13     | Reached XP level 15. HP: 52/120 MP: 18/18
 21572 | D:13     | Found a frozen archway.
 21599 | IceCv    | Entered an ice cave
 21613 | IceCv    | Found a transporter.
 21621 | IceCv    | Found a transporter.
 21638 | IceCv    | Reached skill level 18 in Ranged Weapons
 21646 | IceCv    | Got Sycru Qekh's Almanac of the Chill
 21773 | D:13     | You fall into a shaft and drop 2 floors!
 21773 | D:15     | Entered Level 15 of the Dungeon
 21773 | D:15     | Found a sparkling altar of Nemelex Xobeh.
 21897 | D:15     | Reached skill level 5 in Invocations
 22317 | D:13     | Identified a scroll of acquirement
 22659 | D:13     | Acquired 689 gold pieces
 22727 | Orc:1    | Entered Level 1 of the Orcish Mines
 22847 | Orc:2    | Entered Level 2 of the Orcish Mines
 23102 | Orc:1    | Found a roughly hewn altar of Beogh.
 23223 | Orc:2    | Found Ralympey's Overcharged Wands.
 23239 | Orc:2    | Found a staircase to the Elven Halls.
 23435 | Orc:2    | Found Ycvyughe's Antique Armour Shoppe.
 23543 | Orc:2    | Found Xoaranyck's Distillery.
 23599 | Orc:2    | Found Zeiki's Distillery.
 23599 | Orc:2    | Found Patik's Distillery.
 24397 | Orc:2    | Found Usme's Antique Armour Shop.
 24461 | Orc:2    | Found Corutos's Jewellery Boutique.
 24501 | Orc:2    | Found a radiant altar of Vehumet.
 24561 | Orc:2    | Found an ancient bone altar of Kikubaaqudgha.
 24594 | Orc:2    | Found a roughly hewn altar of Beogh.
 24605 | Orc:2    | Found Tothebou's Magic Scroll Shop.
 24612 | Orc:2    | Found Vatyihug's Distillery.
 24694 | Orc:2    | Bought a scroll of enchant weapon for 112 gold pieces
 24731 | Orc:2    | Bought a runed helmet for 202 gold pieces
 24731 | Orc:2    | Bought an embroidered robe for 99 gold pieces
 24783 | Orc:2    | Bought a scroll of poison for 60 gold pieces
 24876 | Orc:2    | Bought a wand of digging (11) for 693 gold pieces
 25039 | D:14     | Reached skill level 1 in Translocations
 25116 | D:14     | Found a gate to the Vaults.
 25157 | D:14     | Reached XP level 16. HP: 51/132 MP: 22/22
 25311 | D:14     | Found a portal to a secret trove of treasure.
 25750 | D:15     | Found a basalt altar of Yredelemnul.
 26017 | D:15     | Found a staircase to the Depths.
 26900 | D:15     | Learned a level 4 spell: Dimensional Bullseye
 27060 | Elf:1    | Entered Level 1 of the Elven Halls
 27776 | Elf:1    | Reached skill level 19 in Ranged Weapons
 27786 | Elf:1    | Paralysed by an air elemental for 1 turns
 27877 | Elf:1    | Reached skill level 5 in Armour
 27963 | Elf:1    | Paralysed by an air elemental for 1 turns
 27969 | Elf:1    | Paralysed by an air elemental for 1 turns
 28613 | Elf:1    | Killed from afar by a deep elf knight

Illustrated notes

Levels and vault maps discovered:
D:1:      dpeg_arrival_circle_labyrinth_c, layout_loops_ring, serial_shops,
          nicolae_shop_just_a_little_nook, serial_glass, glass_columns_a,
          glass_columns_a, minmay_pentomino_t4
D:2:      layout_basic, basic_altar
D:3:      layout_basic, lemuel_tele_altar, gammafunk_ghost_stat_death,
          uniq_robin
D:4:      layout_loops_corners, nicolae_gozag_seed_capital
D:5:      layout_basic, lemuel_doored_altar, nicolae_overflow_hidden_temple,
          fedhas_altar_2
D:6:      layout_layer_cave, nicolae_sif_muna_condensation,
          mainiacjoe_overflow_large_starburst, uniq_edmund, uniq_grinder
D:7:      layout_basic, dreamdust_divine_triumvirate,
          minmay_temple_entry_proselytizer, amcnicky_mini_corridor_feature
D:8:      layout_basic, hangedman_decor_push
D:9:      layout_basic, uniq_amaemon, uniq_harold, uniq_psyche
D:10:     layout_loops_ring, nicolae_ru_great_annihilating_truth,
          nicolae_uskayaw_dance_studio, nicolae_wu_jian_glorious_leap,
          serial_rivers, chequers_serial_rivers_micro_b,
          chequers_serial_rivers_marsh, chequers_serial_rivers_large_b,
          chequers_serial_rivers_micro_e, minmay_tree_intersection,
          grunt_ministairs_13, st_stairs_6, hangedman_abyss_or_decor_stagger,
          uniq_lodul
D:11:     minmay_curly_fans, layout_basic, erik_lair_island,
          evilmike_ruin_ashenzari
D:12:     layout_basic, zombieorc1_lemuel, minivault_8
D:13:     layout_basic, portal_ice_cave_entry_ice_simulacra
D:14:     layout_basic, erik_vaults_2, nicolae_trove_entry_isolated,
          hangedman_abyss_or_decor_clamps
D:15:     gammafunk_depths_entry_grave, layout_grid_maze, old_standard_altar,
          dk_noncrumbling_3, nemelex_xobeh_ov_fountains_minmay
Temple:   nicolae_temple_bog_church
Lair:1:   layout_misc_corridors, ebering_ghost_xom
Lair:2:   statuecave_lemuel, layout_chaotic_city,
          mainiacjoe_swamp_entry_angry_trees, alex1729_snake_entry_snake,
          uniq_nergalle
Lair:3:   layout_regular_city, serial_forest, infiniplex_forest_clump_large,
          infiniplex_forest_clump_double, infiniplex_forest_lined_corner,
          infiniplex_forest_straight_5, infiniplex_forest_clump_long,
          infiniplex_forest_clump_tiny, serial_bayou_pond_d,
          hangedman_tree_tricks
Lair:4:   layout_gridlike, dpeg_slime_entry_enclosed, grunt_megastairs_1
Lair:5:   hangedman_lair_caniforms_friends, layout_loops_ring,
          hangedman_lair_in_review, enter_volcano_3, st_stairs_4
Orc:1:    layout_caves, david_defended_altar_orc
Orc:2:    kennysheep_orc_mage_school, layout_caves, serial_shops,
          nicolae_shop_tiny_glass, shop, shop, nicolae_shop_just_a_little_nook,
          nicolae_shop_overcharged_wands
Elf:1:    minmay_elf_arrival_plus, layout_geoelf_diagonals, minivault_28
Elf:2:    nicolae_elf_blades_crystal_corner, layout_geoelf_diagonals,
          nicolae_concentric_dashed_squares_mild

Skill      XL: |  1  2  3  4  5  6  7  8  9 10 11 12 13 14 15 16 |
---------------+-------------------------------------------------+-----
Dodging        | 1 2 3 4 7 8 |  8.0
Short Blades   | 2 |  2.0
Ranged Weapons | 1 2 3 5 7 10 12 13 16 17 18 19 | 19.0
Fighting       | 3 4 5 6 7 8 10 12 13 14 | 14.0
Stealth        | 4 5 |  5.0
Throwing       | 2 |  2.0
Armour         | 4 6 |  6.5
Invocations    | 1 4 8 |  8.0
Translocations | 2 4 |  4.0

Action                     |  1- 3 |  4- 6 |  7- 9 | 10-12 | 13-15 | 16-18 || total
---------------------------+-------+-------+-------+-------+-------+-------++-------
  Melee: Dagger            |    39 |    12 |       |       |       |       ||    51
   Fire: Sling             |    48 |       |       |       |       |       ||    48
         Orcbow            |    16 |   169 |   510 |  1084 |    65 |       ||  1844
         Longbow           |       |       |       |       |  1341 |   373 ||  1714
  Throw: Dart              |     1 |     3 |     3 |    34 |     2 |       ||    43
         Stone             |       |     1 |       |       |       |       ||     1
   Cast: Blink             |       |       |       |       |       |     6 ||     6
 Invoke: Stomp             |       |       |       |     4 |       |       ||     4
         Grand Finale      |       |       |       |       |     1 |       ||     1
  Evoke: Wand              |       |       |     1 |     9 |     1 |     5 ||    16
         Phial of floods   |       |       |       |       |     1 |       ||     1
         Tin of tremorston |       |       |       |       |     1 |       ||     1
         Lightning rod     |       |       |       |       |       |     2 ||     2
    Use: Scroll            |       |       |       |    16 |    11 |     2 ||    29
 Armour: Robe              |    36 |    79 |   208 |   340 |   129 |       ||   792
         Ring mail         |       |       |       |       |   295 |   145 ||   440
  Dodge: Dodged            |    43 |    68 |   224 |   315 |   377 |    94 ||  1121

Table legend: (Time is in decaauts)
 A = Elapsed time spent in this place.
 B = Non-inter-level travel time spent in this place.
 C = Inter-level travel time spent in this place.
 D = Time resting spent in this place.
 E = Time spent auto-exploring this place.
 F = Levels seen in this place.
 G = Mean time per level.
                   A        B        C        D        E       F      G
               +--------+--------+--------+--------+--------+-----+--------+
         Total |  28509 |  25905 |   2604 |   2566 |  15192 |  27 | 1055.9 |
       Dungeon |  17732 |  15835 |   1897 |    684 |  10012 |  15 | 1182.1 |
        Temple |      1 |      1 |      0 |      0 |      0 |   1 |    1.0 |
          Lair |   6484 |   6150 |    334 |    823 |   3501 |   5 | 1296.8 |
  Orcish Mines |   2679 |   2352 |    327 |    847 |   1058 |   2 | 1339.5 |
   Elven Halls |   1081 |   1035 |     46 |    157 |    621 |   2 |  540.5 |
      Ice Cave |     85 |     85 |      0 |      9 |      0 |   1 |   85.0 |
       Volcano |    443 |    443 |      0 |     44 |      0 |   1 |  443.0 |
               +--------+--------+--------+--------+--------+-----+--------+

Top non-repeatable levels by time:
   Orc:2: 2275 daAuts
  Lair:5: 2172 daAuts
    D:12: 1563 daAuts
     D:9: 1529 daAuts
    D:15: 1478 daAuts
    D:10: 1397 daAuts
    D:11: 1380 daAuts
  Lair:2: 1313 daAuts
     D:3: 1256 daAuts
     D:8: 1229 daAuts
     D:4: 1141 daAuts
     D:5: 1138 daAuts
   Elf:1: 1075 daAuts
     D:1: 1067 daAuts
  Lair:3: 1021 daAuts
